 Dungeon Crawl Stone Soup version 0.22-a0-348-gd16d1391c7 (webtiles) character file.

1635 Dargar the Martial Artist (level 8, 0/66 HPs)
             Began as a Black Draconian Monk on Apr 9, 2018.
             Was a Follower of Qazlal.
             Slain by Edmund
             ... wielding a +2 flail of venom
              (9 damage)
             ... on level 6 of the Dungeon.
             The game lasted 00:16:15 (6520 turns).

Dargar the Martial Artist (Black Draconian Monk)    Turns: 6520, Time: 00:16:16

Health: 0/66       AC:  3    Str: 13    XL:     8   Next: 66%
Magic:  6/8        EV: 16    Int: 11    God:    Qazlal [*.....]
Gold:   248        SH:  2    Dex: 16    Spells: 7/7 levels left

rFire    + . .     SeeInvis .     - Unarmed
rCold    . . .     Gourm    .   (no shield)
rNeg     . . .     Faith    .   (armour unavailable)
rPois    .         Spirit   .   (helmet restricted)
rElec    +         Reflect  .   (no cloak)
rCorr    .         Harm     .   (no gloves)
MR       .....                  h - +0 pair of boots
Stlth    ++........             d - amulet of the acrobat
HPRegen  0.21/turn              i - ring of protection from fire
MPRegen  0.11/turn              (no ring)

@: lethally poisoned (0 -> -2), short of breath, corroded
A: breathe lightning, unfitting armour, electricity resistance, cold-blooded, AC
+6
a: Breathe Lightning, Renounce Religion


You were on level 6 of the Dungeon.
You worshipped Qazlal.
Qazlal was aware of your devotion.
You were very hungry.

You visited 1 branch of the dungeon, and saw 6 of its levels.

You collected 248 gold pieces.

Inventory:

Hand Weapons
 l - a +0 blowgun
Missiles
 m - 12 poisoned needles
Armour
 h - a +0 pair of boots (worn)
Jewellery
 b - an uncursed ring of resist corrosion
 d - an amulet of the acrobat (around neck)
 i - a ring of protection from fire (left hand)
Wands
 k - a wand of acid (11)
Scrolls
 e - 3 scrolls of enchant weapon
 f - a scroll of identify
 g - a scroll of amnesia
 j - 2 scrolls of remove curse
 n - 4 scrolls of teleportation
Potions
 c - a potion of might
 q - a potion of brilliance {unknown}
Comestibles
 a - 9 rations


   Skills:
 - Level 4.0 Fighting
 + Level 6.1 Dodging
 - Level 2.0 Stealth
 + Level 9.4 Unarmed Combat


You had 7 spell levels left.
You didn't know any spells.

Dungeon Overview and Level Annotations

Branches:
Dungeon (6/15)
 Temple: D:4-7

Altars:
Elyvilon
Qazlal

Annotations:
D:6 Edmund


Innate Abilities, Weirdness & Mutations

You can breathe wild blasts of lightning.
Your glossy black scales are hard. (AC +6)
You cannot fit into any form of body armour.
You are resistant to electric shocks. (rElec)
You are cold-blooded and may be slowed by cold attacks.


Message History

* * * LOW HITPOINT WARNING * * *
You feel sick. The adder bites you.
* * * LOW HITPOINT WARNING * * *
You are more poisoned.
The adder poisons you! Edmund hits you with a flail of venom!
* * * LOW HITPOINT WARNING * * *
You are more poisoned.
You punch the adder!
You kill the adder!
Qazlal accepts your kill.
* * * LOW HITPOINT WARNING * * *
You feel very sick.
Unknown command.
You feel better. Edmund hits you but does no damage.
You are poisoned.
You feel sick. Edmund completely misses you.
You hit Edmund.
Edmund is heavily wounded.
Edmund hits you with a flail of venom!
You die...

###..%..#(...._
....................
....#..........###..
...............#E#..
#.............###..
#.)...........# ...
#.............#.#..
#...............#..
#§@@...............
#..†.†.......#####.
##############


You could see Edmund.

Vanquished Creatures
  Prince Ribbit (D:6)
  The ghost of ohados the Changer, an amateur OpTm (D:4)
  2 sky beasts (D:5)
  An ice beast (D:6)
  2 centaurs
  A scorpion (D:6)
  A howler monkey (D:5)
  A crimson imp (D:5)
  A bullfrog skeleton (D:5)
  2 jellies
  2 orc priests
  A hound (D:4)
  2 iguanas
  4 orc wizards
  6 worker ants
  11 adders
  An adder skeleton (D:5)
  3 dart slugs
  5 worms
  3 leopard geckos
  21 orcs
  3 bats
  6 giant cockroaches
  7 goblins
  11 hobgoblins
  8 kobolds
  3 quokkas (D:5)
  A ball python (D:1)
  7 frilled lizards
  A leopard gecko skeleton (D:4)
  A quokka skeleton (D:4)
  A quokka zombie (D:5)
  9 rats
130 creatures vanquished.

Notes
Turn   | Place    | Note
-------+----------+-------------------------------------------
     0 | D:1      | Dargar the Draconian Monk began the quest for the Orb.
     0 | D:1      | Reached XP level 1. HP: 19/19 MP: 1/1
   232 | D:1      | Reached XP level 2. HP: 26/26 MP: 2/2
  1400 | D:1      | Reached XP level 3. HP: 20/31 MP: 3/3
  1557 | D:2      | Found a white marble altar of Elyvilon.
  1658 | D:2      | Reached skill level 4 in Unarmed Combat
  2322 | D:3      | Reached XP level 4. HP: 39/39 MP: 4/4
  2814 | D:3      | Reached XP level 5. HP: 44/46 MP: 5/5
  3587 | D:4      | Reached skill level 5 in Unarmed Combat
  3919 | D:4      | Noticed ohados's ghost (amateur OpTm)
  3948 | D:4      | Killed ohados's ghost
  3948 | D:4      | Reached skill level 6 in Unarmed Combat
  3948 | D:4      | Reached XP level 6. HP: 51/52 MP: 6/6
  4678 | D:5      | Entered Level 5 of the Dungeon
  4696 | D:5      | Your scales start taking on a glossy black colour.
  4696 | D:5      | Reached XP level 7. HP: 58/58 MP: 7/7
  4696 | D:5      | Gained mutation: You are resistant to electric shocks. (rElec) [Black Draconian growth]
  4766 | D:4      | Reached skill level 7 in Unarmed Combat
  5385 | D:5      | Reached skill level 5 in Dodging
  5649 | D:5      | Reached skill level 8 in Unarmed Combat
  5649 | D:5      | Reached XP level 8. HP: 61/66 MP: 8/8
  6406 | D:6      | Noticed Prince Ribbit
  6421 | D:6      | Killed Prince Ribbit
  6421 | D:6      | Reached skill level 9 in Unarmed Combat
  6456 | D:6      | Found a stormy altar of Qazlal.
  6459 | D:6      | Noticed an air elemental
  6465 | D:6      | Became a worshipper of Qazlal Stormbringer
  6465 | D:6      | Reached * piety under Qazlal
  6465 | D:6      | Reached ** piety under Qazlal
  6475 | D:6      | Noticed Edmund
  6517 | D:6      | HP: 1/66 [poisoned by Edmund]
  6520 | D:6      | Slain by Edmund

Vault maps used:
D:1:      tarquinn_simple_flora_water_d
D:2:      elyvilon_altar_4
D:4:      first_ration
D:6:      nicolae_qazlal_style_of_elements, nicolae_ossuary_entry_monument,
          gup_sewer_entry_bubbles, uniq_sigmund, uniq_prince_ribbit1,
          uniq_crazy_yiuf_cottage, uniq_edmund

Skill      XL: |  1  2  3  4  5  6  7  8 |
---------------+-------------------------+-----
Stealth        | 2 |  2.0
Dodging        | 3 4 5 6 |  6.1
Unarmed Combat | 4 6 8 9 |  9.4
Fighting       | 4 |  4.0

Action                   |  1- 3 |  4- 6 |  7- 9 || total
-------------------------+-------+-------+-------++-------
Melee: Unarmed           |   188 |   199 |   172 ||   559
       Tailslap          |    19 |    25 |    34 ||    78
       Punch             |     4 |       |    12 ||    16
Invok: Upheaval          |       |       |     1 ||     1
 Abil: Breathe Lightning |       |       |    18 ||    18
  Use: Potion            |     6 |     7 |     3 ||    16
       Scroll            |     4 |     5 |     1 ||    10
 Stab: Sleeping          |     8 |     8 |       ||    16
       Distracted        |       |       |     1 ||     1
  Eat: Chunk             |     5 |     6 |     9 ||    20
Armor: Skin              |    45 |    39 |    52 ||   136
Dodge: Dodged            |   128 |    96 |   140 ||   364
Block: Other             |       |       |     2 ||     2

Table legend:
 A = Spawn XP
 B = Non-spawn XP
 C = Spawn XP percentage of total XP
 D = Spawn monster count
 E = Non-spawn monster count
 F = Spawn count percentage of total count
 G = Total turns spent on level
                    A         B        C        D         E        F      G
               +---------+---------+-------+---------+---------+-------+---------
         Total |       0 |    2336 |   0.0 |       0 |     130 |   0.0 |  6520
               +---------+---------+-------+---------+---------+-------+---------
           D:1 |       0 |      42 |   0.0 |       0 |      23 |   0.0 |  1439
           D:2 |       0 |      30 |   0.0 |       0 |      16 |   0.0 |   503
           D:3 |       0 |     155 |   0.0 |       0 |      35 |   0.0 |  1549
           D:4 |       0 |     502 |   0.0 |       0 |      18 |   0.0 |  1649
           D:5 |       0 |     867 |   0.0 |       0 |      25 |   0.0 |  1161
           D:6 |       0 |     740 |   0.0 |       0 |      13 |   0.0 |   219
               +---------+---------+-------+---------+---------+-------+---------
